Capitals vs Predators

Created - October 2 2007 at 19:53

Goals
1 2 3 T
Capitals 0 0 3 3
Predators 1 2 1 4
Shots
1 2 3 T
Capitals 5 6 13 24
Predators 13 10 16 39

Period #1

1. Predators , Zbynek Michalek 1 (Martin Erat, Yanic Perreault) at 12:44

Penalities :
Brian Sutherby (WSH) for Slashing (Minor) at 2:02, Alexander Semin (WSH) for Interference (Minor) at 6:32, Vernon Fiddler (NSH) for Holding (Minor) at 8:52, Trent Hunter (WSH) for High sticking (Minor) at 10:40, Ryane Clowe (WSH) for High sticking (Minor) at 18:33

Period #2

2. Predators , David Legwand 1 (Paul Kariya, Scott Hartnell) at 2:03 (PP)
3. Predators , Scott Hartnell 1 (Paul Kariya, Shea Weber) at 13:42 (PP)

Penalities :
Alexander Ovechkin (WSH) for Elbowing (Minor) at 0:45, Trent Hunter (WSH) for Goalie Interference (Minor) at 1:26, Alexander Ovechkin (WSH) for Holding (Minor) at 3:31, Alexandre Burrows (NSH) for Hooking (Minor) at 6:19, Todd Bertuzzi (NSH) for Holding (Minor) at 10:41, Chris Clark (WSH) for High sticking (Minor) at 12:56, Steve Sullivan (NSH) for Boarding (Minor) at 16:54

Period #3

4. Capitals , Alexander Ovechkin 2 (Alexander Semin, Brian Pothier) at 0:36
5. Predators , Paul Kariya 1 (David Legwand, Tomas Kaberle) at 1:28 (PP)
6. Capitals , Alexander Semin 1 (Chris Clark, Matt Pettinger) at 9:03
7. Capitals , Trent Hunter 1 (Kris Beech, Ben Clymer) at 9:38

Penalities :
Matt Cooke (WSH) for Hooking (Minor) at 1:18, Alexander Semin (WSH) for Hooking (Minor) at 1:49, Alexander Ovechkin (WSH) for Goalie Interference (Minor) at 3:57, Matt Pettinger (WSH) for Roughing (Minor) at 12:18, Ryane Clowe (WSH) for Cross-checking (Minor) at 14:20, Todd Bertuzzi (NSH) for Diving (Minor) at 19:17

Goalie Stats

Marty Turco (WSH), 35 saves from 39 shots - (0.897), L, 1-1-0, 59:25 minutes
Tomas Vokoun (NSH), 21 saves from 24 shots - (0.875), W, 1-0-0, 60:00 minutes

Players Stats

Capitals
Player Name              G  A  P  +/- PIM S  H  SB FO MP 
-----------------------------------------------------------
Adrian Aucoin            0  0  0   0  0   1  1  0  0  17 
Alexander Ovechkin       1  0  1   0  6   6  5  0  9  23 
Alexander Semin          1  1  2   1  4   6  1  0  17 15 
Ben Clymer               0  1  1   0  0   0  0  2  0  20 
Brian Pothier            0  1  1   2  0   0  0  1  0  24 
Brian Sutherby           0  0  0   0  2   0  0  0  10 11 
Bryan Muir               0  0  0   0  0   1  2  1  0  19 
Chris Clark              0  1  1   1  2   1  1  0  2  7  
Dainius Zubrus           0  0  0   0  0   0  1  0  17 17 
David Vyborny            0  0  0   0  0   1  0  0  0  16 
Kris Beech               0  1  1   1  0   1  3  0  25 22 
Matt Cooke               0  0  0   1  2   1  5  0  0  11 
Matt Pettinger           0  1  1   1  2   1  0  0  2  4  
Richard Zednik           0  0  0   0  0   1  2  1  2  20 
Ryane Clowe              0  0  0   0  4   1  1  0  2  11 
Shaone Morrisonn         0  0  0   2  0   2  3  2  0  24 
Steve Eminger            0  0  0   0  0   0  2  6  0  21 
Trent Hunter             1  0  1   1  4   1  1  0  1  12 
Predators
Player Name              G  A  P  +/- PIM S  H  SB FO MP 
-----------------------------------------------------------
Alexandre Burrows        0  0  0   0  2   0  1  0  2  7  
Brad Boyes               0  0  0   0  0   4  0  0  0  21 
David Legwand            1  1  2  -2  0   5  0  0  22 23 
Derek Morris             0  0  0   0  0   1  0  0  0  24 
Jeff Carter              0  0  0   0  0   3  1  0  21 14 
Marek Zidlicky           0  0  0   0  0   4  1  1  0  24 
Martin Erat              0  1  1   0  0   1  3  0  0  13 
Paul Kariya              1  2  3  -2  0   3  0  0  1  19 
Ryan Suter               0  0  0   0  0   1  1  0  0  13 
Scott Hartnell           1  1  2  -2  0   6  0  0  2  17 
Scottie Upshall          0  0  0   0  0   0  0  0  0  4  
Shea Weber               0  1  1  -2  0   4  2  0  0  25 
Steve Sullivan           0  0  0   0  2   1  4  0  2  24 
Todd Bertuzzi            0  0  0   0  4   2  3  0  1  13 
Tomas Kaberle            0  1  1  -2  0   2  2  2  0  24 
Vernon Fiddler           0  0  0   0  2   0  2  0  18 14 
Yanic Perreault          0  1  1   0  0   1  3  0  18 14 
Zbynek Michalek          1  0  1   0  0   1  0  0  0  15 

3 Stars

1 - Alexander Semin (WSH)
2 - Alexander Ovechkin (WSH)
3 - Paul Kariya (NSH)

Power Play

Capitals - 0 on 5 Attempt(s) - 0.00%
Predators - 3 on 13 Attempt(s) - 23.08%

Penalty Kill

Capitals - 10 on 13 Attempt(s) - 76.92% - Score 0 goal in Penalty Kill
Predators - 5 on 5 Attempt(s) - 100.00% - Score 0 goal in Penalty Kill

Game Notes

No Game Note

Finance

Level 1 -- Attendance: 5129 (85.48%) -- Ticket Income $410,320.00
Level 2 -- Attendance: 3511 (87.77%) -- Ticket Income $182,572.00
Level 3 -- Attendance: 1790 (84.72%) -- Ticket Income $53,700.00
Level 4 -- Attendance: 3702 (92.55%) -- Ticket Income $74,040.00
Luxury Box -- Attendance: 996 (99.56%) -- Ticket Income $134,460.00
Game was played at the Gaylord Entertainment Center
Total Attendance: 15128 (88.40%)
Total Ticket Income: $891,616.60
Other Income: $148,626.30
Total Income: $1,040,243.00


Play by Play

Period #1

0:01 of 1st period - David Legwand wins face-off versus Alexander Ovechkin in neutral zone.
0:24 of 1st period - Shot by Paul Kariya.
0:24 of 1st period - Deflect By David Legwand.
0:24 of 1st period - Shot Misses the Net.
0:26 of 1st period - Shot by Shea Weber.
0:26 of 1st period - Stopped by Marty Turco with a rebound.
0:28 of 1st period - Shot by Scott Hartnell.
0:28 of 1st period - Shot Misses the Net.
0:30 of 1st period - Shot by Scott Hartnell.
0:30 of 1st period - Stopped by Marty Turco without a rebound.
0:31 of 1st period - Jeff Carter wins face-off versus Kris Beech in Capitals zone.
1:47 of 1st period - Martin Erat is hit by Alexander Ovechkin and loses puck.
1:59 of 1st period - Vernon Fiddler is hit by Alexander Ovechkin and loses puck.
2:02 of 1st period - Shot by Todd Bertuzzi.
2:02 of 1st period - Stopped by Marty Turco without a rebound.
2:02 of 1st period - Minor Penalty to Brian Sutherby for Slashing.
2:03 of 1st period - Dainius Zubrus wins face-off versus David Legwand in Capitals zone.
2:28 of 1st period - Shot by Shea Weber.
2:28 of 1st period - Stopped by Marty Turco without a rebound.
2:29 of 1st period - Trent Hunter wins face-off versus Steve Sullivan in Capitals zone.
3:27 of 1st period - Icing by Tomas Kaberle.
3:28 of 1st period - Alexander Ovechkin wins face-off versus David Legwand in Predators zone.
4:12 of 1st period - Todd Bertuzzi is hit by Alexander Semin and loses puck.
4:48 of 1st period - Icing by Shaone Morrisonn.
4:49 of 1st period - Jeff Carter wins face-off versus Kris Beech in Capitals zone.
5:47 of 1st period - Shot by Paul Kariya.
5:47 of 1st period - Shot Misses the Net.
5:57 of 1st period - Shot by Scott Hartnell.
5:57 of 1st period - Stopped by Marty Turco without a rebound.
5:58 of 1st period - Matt Pettinger wins face-off versus Yanic Perreault in Capitals zone.
6:09 of 1st period - Shot by Matt Pettinger.
6:09 of 1st period - Shot Misses the Net.
6:32 of 1st period - Minor Penalty to Alexander Semin for Interference.
6:33 of 1st period - Dainius Zubrus wins face-off versus David Legwand in neutral zone.
7:20 of 1st period - Shot by Brad Boyes.
7:20 of 1st period - Stopped by Marty Turco without a rebound.
7:21 of 1st period - Kris Beech wins face-off versus Yanic Perreault in Capitals zone.
7:21 of 1st period - Dainius Zubrus is hit by Steve Sullivan and loses puck.
7:39 of 1st period - Off-side.
7:40 of 1st period - Alexander Ovechkin wins face-off versus David Legwand in neutral zone.
8:47 of 1st period - Shot by Martin Erat.
8:47 of 1st period - Shot Blocked by Ben Clymer.
8:52 of 1st period - Minor Penalty to Vernon Fiddler for Holding.
8:53 of 1st period - Brian Sutherby wins face-off versus Jeff Carter in Predators zone.
9:24 of 1st period - Tomas Kaberle is hit by Richard Zednik and loses puck.
9:44 of 1st period - Jeff Carter is hit by Steve Eminger and loses puck.
10:25 of 1st period - Tomas Kaberle is hit by Adrian Aucoin and loses puck.
10:32 of 1st period - Shot by Ryane Clowe.
10:32 of 1st period - Shot Blocked by Tomas Kaberle.
10:34 of 1st period - Shot by Shaone Morrisonn.
10:34 of 1st period - Shot Misses the Net.
10:36 of 1st period - Shot by Shaone Morrisonn.
10:36 of 1st period - Stopped by Tomas Vokoun with a rebound.
10:38 of 1st period - Shot by Richard Zednik.
10:38 of 1st period - Stopped by Tomas Vokoun without a rebound.
10:39 of 1st period - Jeff Carter wins face-off versus Ryane Clowe in Predators zone.
10:39 of 1st period - Jeff Carter is hit by Trent Hunter.
10:40 of 1st period - Minor Penalty to Trent Hunter for High sticking.
10:41 of 1st period - Jeff Carter wins face-off versus Brian Sutherby in Predators zone.
11:13 of 1st period - Shaone Morrisonn is hit by Steve Sullivan and loses puck.
11:40 of 1st period - Shot by Scott Hartnell.
11:40 of 1st period - Shot Blocked by Steve Eminger.
11:52 of 1st period - Shot by Tomas Kaberle.
11:52 of 1st period - Stopped by Marty Turco without a rebound.
11:53 of 1st period - Chris Clark wins face-off versus Scott Hartnell in Capitals zone.
12:40 of 1st period - Shot by Yanic Perreault.
12:40 of 1st period - Stopped by Marty Turco with a rebound.
12:42 of 1st period - Shot by Martin Erat.
12:42 of 1st period - Shot Misses the Net.
12:44 of 1st period - Shot by Zbynek Michalek.
12:44 of 1st period - Goal by Zbynek Michalek - Capitals : 0 - Predators : 1.
12:45 of 1st period - Alexander Semin wins face-off versus Vernon Fiddler in neutral zone.
13:10 of 1st period - Icing by Zbynek Michalek.
13:11 of 1st period - Vernon Fiddler wins face-off versus Kris Beech in Predators zone.
13:11 of 1st period - Zbynek Michalek is hit by Matt Cooke and loses puck.
13:13 of 1st period - Zbynek Michalek is hit by Matt Cooke.
13:28 of 1st period - Vernon Fiddler is hit by Shaone Morrisonn and loses puck.
13:34 of 1st period - Richard Zednik is hit by Ryan Suter and loses puck.
13:55 of 1st period - Shot by Steve Sullivan.
13:55 of 1st period - Stopped by Marty Turco without a rebound.
13:56 of 1st period - Alexander Ovechkin wins face-off versus Alexandre Burrows in Capitals zone.
13:56 of 1st period - Alexander Ovechkin is hit by Yanic Perreault.
14:01 of 1st period - Alexander Ovechkin is hit by Alexandre Burrows and loses puck.
14:27 of 1st period - Icing by Steve Eminger.
14:28 of 1st period - Brian Sutherby wins face-off versus Jeff Carter in Capitals zone.
14:28 of 1st period - Brian Sutherby is hit by Steve Sullivan.
14:33 of 1st period - Off-side.
14:34 of 1st period - Jeff Carter wins face-off versus Matt Pettinger in neutral zone.
14:55 of 1st period - Shot by Matt Pettinger.
14:55 of 1st period - Shot Misses the Net.
14:57 of 1st period - Shot by Matt Pettinger.
14:57 of 1st period - Shot Misses the Net.
14:59 of 1st period - Shot by Alexander Semin.
14:59 of 1st period - Stopped by Tomas Vokoun with a rebound.
15:10 of 1st period - Icing by Derek Morris.
15:11 of 1st period - Jeff Carter wins face-off versus Richard Zednik in Predators zone.
15:36 of 1st period - Shot by Scott Hartnell.
15:36 of 1st period - Stopped by Marty Turco with a rebound.
15:42 of 1st period - Shot by David Legwand.
15:42 of 1st period - Stopped by Marty Turco without a rebound.
15:43 of 1st period - Vernon Fiddler wins face-off versus Alexander Semin in Capitals zone.
15:44 of 1st period - Shot by Martin Erat.
15:44 of 1st period - Shot Misses the Net.
16:06 of 1st period - Shot by Martin Erat.
16:06 of 1st period - Deflect By Todd Bertuzzi.
16:06 of 1st period - Stopped by Marty Turco without a rebound.
16:07 of 1st period - Brian Sutherby wins face-off versus David Legwand in Capitals zone.
16:07 of 1st period - Brian Sutherby is hit by Tomas Kaberle.
16:17 of 1st period - Shot by Alexander Ovechkin.
16:17 of 1st period - Stopped by Tomas Vokoun without a rebound.
16:18 of 1st period - Yanic Perreault wins face-off versus Kris Beech in Predators zone.
16:27 of 1st period - Shot by Richard Zednik.
16:27 of 1st period - Shot Misses the Net.
16:31 of 1st period - Shot by Kris Beech.
16:31 of 1st period - Stopped by Tomas Vokoun without a rebound.
16:32 of 1st period - Vernon Fiddler wins face-off versus Alexander Semin in Predators zone.
16:38 of 1st period - Off-side.
16:39 of 1st period - Kris Beech wins face-off versus Jeff Carter in neutral zone.
17:34 of 1st period - David Legwand is hit by Kris Beech and loses puck.
17:42 of 1st period - Icing by Paul Kariya.
17:43 of 1st period - Alexander Semin wins face-off versus Scott Hartnell in Predators zone.
18:33 of 1st period - Minor Penalty to Ryane Clowe for High sticking.
18:34 of 1st period - Yanic Perreault wins face-off versus Dainius Zubrus in Predators zone.
18:39 of 1st period - Shot by Marek Zidlicky.
18:39 of 1st period - Shot Blocked by Steve Eminger.
19:26 of 1st period - Shot by Shea Weber.
19:26 of 1st period - Shot Blocked by Steve Eminger.
19:33 of 1st period - Icing by David Legwand.
19:34 of 1st period - David Legwand wins face-off versus Dainius Zubrus in Predators zone.

Period #2

0:01 of 2nd period - Dainius Zubrus wins face-off versus David Legwand in neutral zone.
0:13 of 2nd period - Shea Weber is hit by Shaone Morrisonn and loses puck.
0:45 of 2nd period - Minor Penalty to Alexander Ovechkin for Elbowing.
0:46 of 2nd period - Yanic Perreault wins face-off versus Dainius Zubrus in Capitals zone.
1:09 of 2nd period - Shot by Marek Zidlicky.
1:09 of 2nd period - Stopped by Marty Turco without a rebound.
1:10 of 2nd period - Kris Beech wins face-off versus David Legwand in Capitals zone.
1:26 of 2nd period - Minor Penalty to Trent Hunter for Goalie Interference.
1:27 of 2nd period - Steve Sullivan wins face-off versus Kris Beech in neutral zone.
1:40 of 2nd period - Shot by Marek Zidlicky.
1:40 of 2nd period - Stopped by Marty Turco without a rebound.
1:41 of 2nd period - David Legwand wins face-off versus Kris Beech in Capitals zone.
1:50 of 2nd period - David Legwand is hit by Kris Beech and loses puck.
2:01 of 2nd period - Shot by Paul Kariya.
2:01 of 2nd period - Shot Misses the Net.
2:03 of 2nd period - Shot by David Legwand.
2:03 of 2nd period - Goal by David Legwand - Capitals : 0 - Predators : 2.
2:04 of 2nd period - Yanic Perreault wins face-off versus Dainius Zubrus in neutral zone.
2:35 of 2nd period - Shot by Marek Zidlicky.
2:35 of 2nd period - Stopped by Marty Turco with a rebound.
2:53 of 2nd period - Shaone Morrisonn is hit by Yanic Perreault and loses puck.
3:30 of 2nd period - Shot by Todd Bertuzzi.
3:30 of 2nd period - Deflect By Martin Erat.
3:30 of 2nd period - Stopped by Marty Turco without a rebound.
3:31 of 2nd period - Todd Bertuzzi wins face-off versus Alexander Semin in Capitals zone.
3:31 of 2nd period - Minor Penalty to Alexander Ovechkin for Holding.
3:32 of 2nd period - David Legwand wins face-off versus Kris Beech in Capitals zone.
3:36 of 2nd period - Paul Kariya is hit by Kris Beech and loses puck.
3:53 of 2nd period - Shot by David Legwand.
3:53 of 2nd period - Stopped by Marty Turco with a rebound.
3:55 of 2nd period - Shot by Scott Hartnell.
3:55 of 2nd period - Deflect By Paul Kariya.
3:55 of 2nd period - Shot Misses the Net.
3:57 of 2nd period - Shot by David Legwand.
3:57 of 2nd period - Shot Misses the Net.
4:03 of 2nd period - Shot by Paul Kariya.
4:03 of 2nd period - Shot Blocked by Bryan Muir.
4:15 of 2nd period - Icing by Yanic Perreault.
4:16 of 2nd period - Kris Beech wins face-off versus Yanic Perreault in Predators zone.
4:31 of 2nd period - Yanic Perreault is hit by Dainius Zubrus and loses puck.
6:19 of 2nd period - Minor Penalty to Alexandre Burrows for Hooking.
6:20 of 2nd period - Dainius Zubrus wins face-off versus Jeff Carter in Capitals zone.
6:31 of 2nd period - Icing by Steve Eminger.
6:32 of 2nd period - Dainius Zubrus wins face-off versus Jeff Carter in Capitals zone.
7:00 of 2nd period - Icing by Adrian Aucoin.
7:01 of 2nd period - Brian Sutherby wins face-off versus Vernon Fiddler in Capitals zone.
7:01 of 2nd period - Brian Sutherby is hit by Vernon Fiddler.
8:23 of 2nd period - Shot by Chris Clark.
8:23 of 2nd period - Stopped by Tomas Vokoun with a rebound.
8:25 of 2nd period - Shot by Matt Pettinger.
8:25 of 2nd period - Shot Misses the Net.
8:33 of 2nd period - Matt Pettinger is hit by Martin Erat and loses puck.
9:32 of 2nd period - Trent Hunter is hit by Martin Erat and loses puck.
10:34 of 2nd period - Shot by Alexander Semin.
10:34 of 2nd period - Deflect By David Vyborny.
10:34 of 2nd period - Shot Misses the Net.
10:41 of 2nd period - Minor Penalty to Todd Bertuzzi for Holding.
10:42 of 2nd period - Vernon Fiddler wins face-off versus Dainius Zubrus in Predators zone.
11:30 of 2nd period - Ryane Clowe is hit by Marek Zidlicky and loses puck.
12:28 of 2nd period - Dainius Zubrus is hit by Shea Weber and loses puck.
12:44 of 2nd period - Chris Clark is hit by Yanic Perreault and loses puck.
12:56 of 2nd period - Minor Penalty to Chris Clark for High sticking.
12:57 of 2nd period - Yanic Perreault wins face-off versus Alexander Ovechkin in Capitals zone.
13:40 of 2nd period - Shot by Shea Weber.
13:40 of 2nd period - Shot Blocked by Shaone Morrisonn.
13:42 of 2nd period - Shot by Paul Kariya.
13:42 of 2nd period - Deflect By Scott Hartnell.
13:42 of 2nd period - Goal by Scott Hartnell - Capitals : 0 - Predators : 3.
13:43 of 2nd period - Yanic Perreault wins face-off versus Kris Beech in neutral zone.
14:01 of 2nd period - Icing by Scottie Upshall.
14:02 of 2nd period - Yanic Perreault wins face-off versus Alexander Semin in Predators zone.
14:53 of 2nd period - Icing by Alexander Ovechkin.
14:54 of 2nd period - Vernon Fiddler wins face-off versus Alexander Semin in Capitals zone.
15:29 of 2nd period - Shot by Matt Cooke.
15:29 of 2nd period - Stopped by Tomas Vokoun without a rebound.
15:30 of 2nd period - David Legwand wins face-off versus Kris Beech in Predators zone.
15:50 of 2nd period - Paul Kariya is hit by Matt Cooke and loses puck.
16:27 of 2nd period - Shot by Steve Sullivan.
16:27 of 2nd period - Shot Misses the Net.
16:31 of 2nd period - Shot by Jeff Carter.
16:31 of 2nd period - Stopped by Marty Turco with a rebound.
16:54 of 2nd period - Minor Penalty to Steve Sullivan for Boarding.
16:55 of 2nd period - Dainius Zubrus wins face-off versus Alexandre Burrows in Capitals zone.
17:36 of 2nd period - Shot by Ryane Clowe.
17:36 of 2nd period - Stopped by Tomas Vokoun without a rebound.
17:37 of 2nd period - Brian Sutherby wins face-off versus Jeff Carter in Predators zone.
17:40 of 2nd period - Shot by Adrian Aucoin.
17:40 of 2nd period - Shot Blocked by Marek Zidlicky.
17:42 of 2nd period - Shot by Brian Sutherby.
17:42 of 2nd period - Shot Misses the Net.
17:44 of 2nd period - Shot by Richard Zednik.
17:44 of 2nd period - Shot Misses the Net.
17:48 of 2nd period - Shot by Adrian Aucoin.
17:48 of 2nd period - Stopped by Tomas Vokoun without a rebound.
17:49 of 2nd period - Brian Sutherby wins face-off versus Jeff Carter in Predators zone.
18:05 of 2nd period - Off-side.
18:06 of 2nd period - Dainius Zubrus wins face-off versus Vernon Fiddler in neutral zone.
19:05 of 2nd period - Shot by Alexander Semin.
19:05 of 2nd period - Deflect By Matt Pettinger.
19:05 of 2nd period - Stopped by Tomas Vokoun with a rebound.
19:07 of 2nd period - Shot by Shaone Morrisonn.
19:07 of 2nd period - Stopped by Tomas Vokoun without a rebound.
19:08 of 2nd period - Jeff Carter wins face-off versus Richard Zednik in Predators zone.
19:37 of 2nd period - Shot by Steve Sullivan.
19:37 of 2nd period - Deflect By Brad Boyes.
19:37 of 2nd period - Shot Misses the Net.
19:41 of 2nd period - Shot by Jeff Carter.
19:41 of 2nd period - Stopped by Marty Turco with a rebound.
19:43 of 2nd period - Shot by Steve Sullivan.
19:43 of 2nd period - Deflect By Jeff Carter.
19:43 of 2nd period - Shot Hit the Post.
19:45 of 2nd period - Shot by Jeff Carter.
19:45 of 2nd period - Stopped by Marty Turco without a rebound.
19:46 of 2nd period - Vernon Fiddler wins face-off versus Alexander Semin in Capitals zone.
19:46 of 2nd period - Martin Erat is hit by Bryan Muir and loses puck.
19:48 of 2nd period - Martin Erat is hit by Chris Clark.
19:53 of 2nd period - Martin Erat is hit by Bryan Muir and loses puck.

Period #3

0:01 of 3rd period - David Legwand wins face-off versus Alexander Semin in neutral zone.
0:36 of 3rd period - Shot by Alexander Semin.
0:36 of 3rd period - Deflect By Alexander Ovechkin.
0:36 of 3rd period - Goal by Alexander Ovechkin - Capitals : 1 - Predators : 3.
0:37 of 3rd period - Jeff Carter wins face-off versus Kris Beech in neutral zone.
0:37 of 3rd period - Jeff Carter is hit by Richard Zednik.
0:52 of 3rd period - Steve Sullivan is hit by Matt Cooke and loses puck.
1:00 of 3rd period - Brad Boyes is hit by Shaone Morrisonn and loses puck.
1:16 of 3rd period - Steve Sullivan is hit by Matt Cooke and loses puck.
1:18 of 3rd period - Minor Penalty to Matt Cooke for Hooking.
1:19 of 3rd period - David Legwand wins face-off versus Dainius Zubrus in Capitals zone.
1:20 of 3rd period - Shot by Paul Kariya.
1:20 of 3rd period - Deflect By David Legwand.
1:20 of 3rd period - Shot Misses the Net.
1:22 of 3rd period - Shot by Tomas Kaberle.
1:22 of 3rd period - Shot Misses the Net.
1:24 of 3rd period - Shot by David Legwand.
1:24 of 3rd period - Stopped by Marty Turco with a rebound.
1:28 of 3rd period - Shot by Paul Kariya.
1:28 of 3rd period - Goal by Paul Kariya - Capitals : 1 - Predators : 4.
1:29 of 3rd period - Alexander Semin wins face-off versus Vernon Fiddler in neutral zone.
1:29 of 3rd period - David Vyborny is hit by Todd Bertuzzi and loses puck.
1:31 of 3rd period - David Vyborny is hit by Martin Erat.
1:35 of 3rd period - Shot by Alexander Semin.
1:35 of 3rd period - Stopped by Tomas Vokoun without a rebound.
1:36 of 3rd period - Brian Sutherby wins face-off versus Yanic Perreault in Predators zone.
1:37 of 3rd period - Shot by Alexander Ovechkin.
1:37 of 3rd period - Stopped by Tomas Vokoun without a rebound.
1:38 of 3rd period - Vernon Fiddler wins face-off versus Alexander Semin in Predators zone.
1:38 of 3rd period - Vernon Fiddler is hit by Alexander Ovechkin.
1:49 of 3rd period - Minor Penalty to Alexander Semin for Hooking.
1:50 of 3rd period - Dainius Zubrus wins face-off versus David Legwand in neutral zone.
1:50 of 3rd period - Steve Eminger is hit by Shea Weber and loses puck.
2:01 of 3rd period - Shot by Scott Hartnell.
2:01 of 3rd period - Deflect By Paul Kariya.
2:01 of 3rd period - Shot Blocked by Steve Eminger.
2:03 of 3rd period - Shot by Scott Hartnell.
2:03 of 3rd period - Shot Misses the Net.
2:05 of 3rd period - Shot by Scott Hartnell.
2:05 of 3rd period - Stopped by Marty Turco with a rebound.
2:07 of 3rd period - Shot by Tomas Kaberle.
2:07 of 3rd period - Stopped by Marty Turco without a rebound.
2:08 of 3rd period - Kris Beech wins face-off versus Yanic Perreault in Capitals zone.
3:09 of 3rd period - Shot by Paul Kariya.
3:09 of 3rd period - Stopped by Marty Turco without a rebound.
3:10 of 3rd period - David Legwand wins face-off versus Alexander Ovechkin in Capitals zone.
3:13 of 3rd period - Shot by Scott Hartnell.
3:13 of 3rd period - Deflect By David Legwand.
3:13 of 3rd period - Stopped by Marty Turco without a rebound.
3:14 of 3rd period - David Legwand wins face-off versus Alexander Ovechkin in Capitals zone.
3:15 of 3rd period - Shot by Shea Weber.
3:15 of 3rd period - Stopped by Marty Turco without a rebound.
3:16 of 3rd period - David Legwand wins face-off versus Alexander Ovechkin in Capitals zone.
3:37 of 3rd period - Trent Hunter is hit by Tomas Kaberle and loses puck.
3:57 of 3rd period - Minor Penalty to Alexander Ovechkin for Goalie Interference.
3:58 of 3rd period - Yanic Perreault wins face-off versus Dainius Zubrus in Capitals zone.
3:59 of 3rd period - Shot by Steve Sullivan.
3:59 of 3rd period - Shot Blocked by Steve Eminger.
4:03 of 3rd period - Shot by Brad Boyes.
4:03 of 3rd period - Shot Misses the Net.
4:09 of 3rd period - Shot by Yanic Perreault.
4:09 of 3rd period - Shot Misses the Net.
4:13 of 3rd period - Shot by Brad Boyes.
4:13 of 3rd period - Stopped by Marty Turco without a rebound.
4:14 of 3rd period - Yanic Perreault wins face-off versus Kris Beech in Capitals zone.
6:18 of 3rd period - David Vyborny is hit by Todd Bertuzzi and loses puck.
7:05 of 3rd period - Yanic Perreault is hit by Alexander Ovechkin and loses puck.
7:30 of 3rd period - Tomas Kaberle is hit by Steve Eminger and loses puck.
9:03 of 3rd period - Shot by Alexander Semin.
9:03 of 3rd period - Goal by Alexander Semin - Capitals : 2 - Predators : 4.
9:04 of 3rd period - Kris Beech wins face-off versus Vernon Fiddler in neutral zone.
9:06 of 3rd period - Off-side.
9:07 of 3rd period - Kris Beech wins face-off versus Vernon Fiddler in neutral zone.
9:27 of 3rd period - Matt Cooke is hit by Vernon Fiddler and loses puck.
9:38 of 3rd period - Shot by Kris Beech.
9:38 of 3rd period - Deflect By Trent Hunter.
9:38 of 3rd period - Goal by Trent Hunter - Capitals : 3 - Predators : 4.
9:39 of 3rd period - Alexander Semin wins face-off versus Jeff Carter in neutral zone.
10:25 of 3rd period - Icing by David Vyborny.
10:26 of 3rd period - Alexander Semin wins face-off versus Vernon Fiddler in Capitals zone.
12:09 of 3rd period - Shot by Paul Kariya.
12:09 of 3rd period - Stopped by Marty Turco without a rebound.
12:10 of 3rd period - Jeff Carter wins face-off versus Alexander Semin in Capitals zone.
12:18 of 3rd period - Minor Penalty to Matt Pettinger for Roughing.
12:19 of 3rd period - Kris Beech wins face-off versus Yanic Perreault in Capitals zone.
12:29 of 3rd period - Icing by Steve Sullivan.
12:30 of 3rd period - Yanic Perreault wins face-off versus Kris Beech in Predators zone.
12:59 of 3rd period - Shot by Marek Zidlicky.
12:59 of 3rd period - Stopped by Marty Turco without a rebound.
13:00 of 3rd period - Kris Beech wins face-off versus Paul Kariya in Capitals zone.
13:25 of 3rd period - Shot by Scott Hartnell.
13:25 of 3rd period - Shot Blocked by Richard Zednik.
13:32 of 3rd period - Icing by Tomas Kaberle.
13:33 of 3rd period - Dainius Zubrus wins face-off versus David Legwand in Predators zone.
13:34 of 3rd period - Shot by Trent Hunter.
13:34 of 3rd period - Shot Misses the Net.
13:36 of 3rd period - Shot by Bryan Muir.
13:36 of 3rd period - Stopped by Tomas Vokoun without a rebound.
13:37 of 3rd period - Yanic Perreault wins face-off versus Kris Beech in Predators zone.
14:20 of 3rd period - Minor Penalty to Ryane Clowe for Cross-checking.
14:21 of 3rd period - Alexander Ovechkin wins face-off versus David Legwand in neutral zone.
15:04 of 3rd period - Shot by Shea Weber.
15:04 of 3rd period - Stopped by Marty Turco with a rebound.
15:33 of 3rd period - Shot by Marek Zidlicky.
15:33 of 3rd period - Deflect By Brad Boyes.
15:33 of 3rd period - Stopped by Marty Turco with a rebound.
15:35 of 3rd period - Shot by Derek Morris.
15:35 of 3rd period - Stopped by Marty Turco with a rebound.
15:37 of 3rd period - Shot by Marek Zidlicky.
15:37 of 3rd period - Shot Blocked by Ben Clymer.
15:51 of 3rd period - Shot by Shea Weber.
15:51 of 3rd period - Shot Blocked by Shaone Morrisonn.
15:53 of 3rd period - Shot by Scott Hartnell.
15:53 of 3rd period - Stopped by Marty Turco without a rebound.
15:54 of 3rd period - David Legwand wins face-off versus Chris Clark in Capitals zone.
15:59 of 3rd period - Shot by Paul Kariya.
15:59 of 3rd period - Shot Blocked by Steve Eminger.
16:33 of 3rd period - Shot by Alexander Semin.
16:33 of 3rd period - Stopped by Tomas Vokoun without a rebound.
16:34 of 3rd period - Ryane Clowe wins face-off versus Vernon Fiddler in Predators zone.
16:41 of 3rd period - Shot by Alexander Ovechkin.
16:41 of 3rd period - Stopped by Tomas Vokoun without a rebound.
16:42 of 3rd period - Jeff Carter wins face-off versus Alexander Semin in Predators zone.
16:42 of 3rd period - Jeff Carter is hit by Alexander Ovechkin.
16:52 of 3rd period - Shot by Brad Boyes.
16:52 of 3rd period - Shot Blocked by Brian Pothier.
17:04 of 3rd period - Shot by David Vyborny.
17:04 of 3rd period - Deflect By Alexander Semin.
17:04 of 3rd period - Stopped by Tomas Vokoun without a rebound.
17:05 of 3rd period - Kris Beech wins face-off versus Vernon Fiddler in Predators zone.
17:36 of 3rd period - Shot by Ryan Suter.
17:36 of 3rd period - Stopped by Marty Turco without a rebound.
17:37 of 3rd period - Brian Sutherby wins face-off versus Yanic Perreault in Capitals zone.
17:52 of 3rd period - Shot by Alexander Ovechkin.
17:52 of 3rd period - Stopped by Tomas Vokoun without a rebound.
17:53 of 3rd period - Jeff Carter wins face-off versus Alexander Semin in Predators zone.
18:00 of 3rd period - Shot by Brad Boyes.
18:00 of 3rd period - Stopped by Marty Turco without a rebound.
18:01 of 3rd period - Alexander Semin wins face-off versus David Legwand in Capitals zone.
18:23 of 3rd period - Shot by Alexander Semin.
18:23 of 3rd period - Stopped by Tomas Vokoun without a rebound.
18:24 of 3rd period - Jeff Carter wins face-off versus Kris Beech in Predators zone.
18:31 of 3rd period - Matt Cooke is hit by Jeff Carter and loses puck.
18:42 of 3rd period - Shot by Steve Sullivan.
18:42 of 3rd period - Shot Misses the Net.
18:44 of 3rd period - Shot by Steve Sullivan.
18:44 of 3rd period - Shot Misses the Net.
18:46 of 3rd period - Shot by Derek Morris.
18:46 of 3rd period - Shot Misses the Net.
19:06 of 3rd period - Shot by Steve Sullivan.
19:06 of 3rd period - Shot Misses the Net.
19:08 of 3rd period - Shot by Jeff Carter.
19:08 of 3rd period - Shot Misses the Net.
19:15 of 3rd period - Icing by Ben Clymer.
19:16 of 3rd period - Kris Beech wins face-off versus Vernon Fiddler in Capitals zone.
19:16 of 3rd period - Kris Beech is hit by Todd Bertuzzi.
19:17 of 3rd period - Minor Penalty to Todd Bertuzzi for Diving.
19:18 of 3rd period - Dainius Zubrus wins face-off versus Vernon Fiddler in Capitals zone.
19:22 of 3rd period - Alexander Ovechkin is hit by Steve Sullivan and loses puck.
19:25 of 3rd period - Capitals, Marty Turco is pulled from the net.
19:29 of 3rd period - Shot by Alexander Ovechkin.
19:29 of 3rd period - Shot Blocked by Tomas Kaberle.
19:31 of 3rd period - Shot by David Vyborny.
19:31 of 3rd period - Stopped by Tomas Vokoun without a rebound.
19:32 of 3rd period - Jeff Carter wins face-off versus Brian Sutherby in Predators zone.
19:32 of 3rd period - Jeff Carter is hit by Ryane Clowe.
19:59 of 3rd period - Shot by Alexander Ovechkin.
19:59 of 3rd period - Stopped by Tomas Vokoun with a rebound.


Output by the SimonT Hockey Simulator (STHS) for Stephane Roy -- Original Page W3C XHTML 1.0 Valid